 Dungeon Crawl Stone Soup version 0.19.0-2-gae57169 (webtiles) character file.

5048 Gargoyl the Protected (level 10, -1/76 HPs)
             Began as a Demonspawn Abyssal Knight on Nov 5, 2016.
             Was a High Priest of Lugonu.
             Slain by a troll (6 damage)
             ... on level 9 of the Dungeon.
             The game lasted 00:18:53 (10137 turns).

Gargoyl the Protected (Demonspawn Abyssal Knight)  Turns: 10137, Time: 00:18:56

Health: -1/76      AC: 15    Str: 16      XL:     10   Next: 30%
Magic:  14/14      EV:  7    Int: 13      God:    Lugonu [*****.]
Gold:   371        SH:  4    Dex: 11 (13) Spells: 0 memorised, 9 levels left

rFire  + . .     SeeInvis .     g - +2 war axe (drain)
rCold  . . .     Gourm    .     d - +2 plate armour
rNeg   . . .     Faith    .     o - +0 buckler
rPois  .         Spirit   .     (helmet unavailable)
rElec  +         Reflect  .     (no cloak)
rCorr  +         Harm     .     (no gloves)
MR     .....     Rnd*Tele +     (no boots)
Stlth  ..........               i - amulet of regeneration
                                w - ring of protection from fire
                                r - ring of resist corrosion

@: drained
A: horns 3, talons 1, repulsion field 1, low mp 1, nightstalker 1, powered by
death 1, electricity resistance, slow regeneration 1, teleportitis 1, wild magic
2
a: Depart the Abyss, Bend Space, Banish, Corrupt, Enter the Abyss, Renounce
Religion


You were on level 9 of the Dungeon.
You worshipped Lugonu.
Lugonu was extremely pleased with you.
You were hungry.

You visited 1 branch of the dungeon, and saw 9 of its levels.
You visited the Abyss 1 time.
You also visited: Sewer.

You collected 371 gold pieces.

Inventory:

Hand Weapons
 b - a +0 war axe
 g - a +2 war axe of draining (weapon)
 B - a +0 hand axe of flaming
Missiles
 n - 8 tomahawks (quivered)
Armour
 d - a +2 plate armour (worn)
 o - a +0 buckler (worn)
Jewellery
 i - an amulet of regeneration (around neck)
 r - a ring of resist corrosion (left hand)
 w - a ring of protection from fire (right hand)
Wands
 j - a wand of slowing (15/48)
 s - a wand of slowing (19/48)
 y - a wand of digging (24/24)
Scrolls
 a - 2 scrolls of identify
 e - a scroll of fear
 h - 3 scrolls of teleportation
 l - 2 scrolls of recharging
 p - 4 scrolls of blinking
 v - 2 scrolls of remove curse
 z - a scroll of fog
 H - a scroll of amnesia
Potions
 f - a potion of heal wounds
 m - a potion of curing
 u - a potion of lignification
 E - 2 potions of resistance
Books
 q - a book of Callings

   Spells                             Type                      Level
   a - Summon Small Mammal            Summoning                    1
   b - Call Imp                       Summoning                    2
   c - Call Canine Familiar           Summoning                    3
   d - Summon Guardian Golem          Hexes/Summoning              3
   e - Summon Lightning Spire         Summoning/Air                4
   f - Summon Ice Beast               Ice/Summoning                4
Comestibles
 c - 9 bread rations
 k - 6 beef jerkies
 G - 2 meat rations


   Skills:
 + Level 6.0(5.4) Fighting
 + Level 7.6(6.9) Axes
 * Level 9.0(8.3) Armour
 + Level 1.6(1.1) Dodging
 + Level 2.2(1.7) Shields
 * Level 8.5(7.8) Invocations


You had 9 spell levels left.
You didn't know any spells.

Dungeon Overview and Level Annotations

Branches:
Dungeon (9/15)             Temple (0/1) D:4            Lair (0/6) D:8
    Orc (0/2) D:9

Altars:
Xom

Shops:
D:7 (

Annotations:
D:3 1 exclusion


Innate Abilities, Weirdness & Mutations

You have a pair of large horns on your head.
You are surrounded by a mild repulsion field. (EV +2)
You are slightly more attuned to the shadows.
You regenerate a little health from kills.
You have sharp toenails.
Your magical capacity is low. (-10% MP)
You are resistant to electric shocks. (rElec)
You regenerate slowly when monsters are visible.
You are occasionally teleported next to monsters.
Your spells are harder to cast, but more powerful.


Message History

Unknown command.
You slash the troll! Your headbutt misses the troll.
The troll is heavily wounded.
You miss the kobold. You hit the big kobold. You drain the big kobold!
The troll completely misses you. The troll claws you but does no damage.
The troll completely misses you. You block the big kobold's attack.
The kobold hits you.
* * * LOW HITPOINT WARNING * * *
The troll bites you but does no damage. The troll claws you.
* * * LOW HITPOINT WARNING * * *
The troll claws you.
* * * LOW HITPOINT WARNING * * *
You hit the troll.
The troll is heavily wounded.
You hit the big kobold. You drain the big kobold! You closely miss the kobold.
You block the big kobold's attack. The kobold barely misses you.
The troll bites you.
* * * LOW HITPOINT WARNING * * *
The troll claws you.
You die...

*,,,,,,* *,**,,,,,,,,,,,.......,,
*,,,,,,* *,*****,***,,,,...>%...,
*,,,,,,***,***,,,* *,.#*...,..$.,
*,,,,,,*,,,,,,,,** *..#*,,,,,,,,,
*,,,,,,*,*,*##*,####.#**,,,,,,,,*
*,,,,,,,,*,##.,,#....# *,,,,,,,,*
*,,,,,,,**,#..###..$.# *,,,,,,,,*
###*,*,,*#.#.#.K)K...#**,,,,,,,,*
...,,,,,*#.(....@T...#*,,,,,,,,,*
****,**,......###.##.#*,,,,,,,,,*
...,,***......*##)##.#*,*,**,****
../,**,,....##*#K....#*,,,,,,*
...,,,,,....**#......h...,,,,**
...,,*,*...,*#...........,,,,,*
...,,,,*..,,*#...........,,,,,*
..,,,,,,,,,,*#.........h.,,,,,*
..,,,,,*****#............,,,,,*


You could see a troll, a big kobold and a kobold.

Vanquished Creatures
  A hill giant (D:9)
  Joseph (D:8)
  A wyvern (D:9)
  Edmund (D:4)
  A sky beast (D:7)
  2 orc warriors
  4 ice beasts
  An ogre (D:7)
  2 centaurs
  A big kobold (Sewer)
  A wyvern skeleton (D:8)
  4 killer bees (D:7)
  21 wights
  7 howler monkeys
  2 crimson imps
  A bullfrog zombie (D:4)
  A centaur zombie (D:9)
  3 hounds
  2 quasits
  An orc priest (D:7)
  4 jellies (D:6)
  A centaur skeleton (D:8)
  A bullfrog skeleton (D:6)
  2 iguanas
  13 orc wizards
  4 worker ants
  A killer bee zombie (D:7)
  A hound zombie (D:7)
  A river rat (Sewer)
  11 adders
  A shadow imp (D:5)
  7 oozes
  3 worms
  An adder skeleton (D:5)
  8 leopard geckos
  29 orcs
  6 ball pythons
  7 bats
  5 giant cockroaches
  6 goblins
  10 hobgoblins
  7 jackals
  5 quokkas
  3 frilled lizards
  17 kobolds
  2 quokka zombies (D:6)
  11 rats
  A fungus (D:8)
226 creatures vanquished.

Vanquished Creatures (others)
  The ghost of artanisace the Fighter, a novice HOFi of Okawaru (D:7)
  An orc warrior (D:6)
  A wight (D:8)
  A crimson imp (D:8)
4 creatures vanquished.

Grand Total: 230 creatures vanquished

Notes
Turn   | Place    | Note
-------+----------+-------------------------------------------
     0 | Abyss:1  | Gargoyl the Demonspawn Abyssal Knight began the quest for the Orb.
     0 | Abyss:1  | Reached XP level 1. HP: 18/18 MP: 2/2
   142 | Abyss:1  | Noticed a small abomination
   143 | Abyss:1  | Noticed a sun demon
   161 | D:1      | Escaped the Abyss
   249 | D:1      | Reached skill level 1 in Dodging
   482 | D:1      | Reached skill level 2 in Armour
   513 | D:1      | Reached * piety under Lugonu
   513 | D:1      | Gained mutation: You are slightly more attuned to the shadows. [demonic ancestry]
   513 | D:1      | Reached XP level 2. HP: 22/24 MP: 3/3
  1478 | D:2      | Reached XP level 3. HP: 29/29 MP: 4/4
  2343 | D:2      | Gained mutation: You have a pair of small horns on your head. [demonic ancestry]
  2343 | D:2      | Reached XP level 4. HP: 21/37 MP: 5/5
  2729 | D:3      | Reached ** piety under Lugonu
  2961 | D:3      | Reached skill level 3 in Armour
  3364 | D:3      | Gained mutation: You are surrounded by a mild repulsion field. (EV +2) [demonic ancestry]
  3364 | D:3      | Reached XP level 5. HP: 41/42 MP: 7/7
  3756 | D:4      | Reached *** piety under Lugonu
  3818 | D:4      | Found a glowing drain.
  3827 | Sewer    | Entered a sewer
  3979 | Sewer    | Reached XP level 6. HP: 47/48 MP: 8/8
  4390 | D:4      | Found a staircase to the Ecumenical Temple.
  4407 | D:4      | Noticed Edmund
  4435 | D:4      | Killed Edmund
  5041 | D:4      | Reached skill level 4 in Armour
  5041 | D:4      | Reached XP level 7. HP: 51/55 MP: 10/10
  5215 | D:5      | Entered Level 5 of the Dungeon
  5534 | D:5      | Reached skill level 5 in Invocations
  6089 | D:5      | Reached skill level 5 in Armour
  6095 | D:5      | Reached skill level 5 in Axes
  6173 | D:6      | Reached skill level 5 in Fighting
  6173 | D:6      | Gained mutation: You regenerate a little health from kills. [demonic ancestry]
  6173 | D:6      | Reached XP level 8. HP: 60/62 MP: 11/11
  6205 | D:6      | Found a shimmering altar of Xom.
  6310 | D:6      | Reached **** piety under Lugonu
  6316 | D:6      | Reached skill level 1 in Shields
  6958 | D:6      | Reached skill level 6 in Armour
  7408 | D:7      | Gained mutation: Your spells are a little harder to cast, but a little more powerful. [potion of mutation]
  7408 | D:7      | Gained mutation: You passively map a small area around you. [potion of mutation]
  7408 | D:7      | Lost mutation: You passively map a small area around you. [potion of mutation]
  7444 | D:7      | Gained mutation: You regenerate slowly when monsters are visible. [potion of mutation]
  7444 | D:7      | Gained mutation: You are frail. (-10% HP) [potion of mutation]
  7444 | D:7      | Gained mutation: You tend to lose your temper in combat. [potion of mutation]
  7622 | D:7      | Gained mutation: You have a pair of horns on your head. [demonic ancestry]
  7622 | D:7      | Reached XP level 9. HP: 27/61 MP: 14/14
  7744 | D:7      | Noticed artanisace's ghost (novice HOFi)
  7976 | D:7      | Banished artanisace's ghost
  8047 | D:7      | Found Focuf's Antique Weapon Emporium.
  8100 | D:7      | Reached skill level 7 in Armour
  8500 | D:7      | Gained mutation: Your spells are harder to cast, but more powerful. [potion of mutation]
  8500 | D:7      | Gained mutation: You have sharp toenails. [potion of mutation]
  8501 | D:7      | Gained mutation: You are resistant to electric shocks. (rElec) [potion of mutation]
  8501 | D:7      | Lost mutation: You tend to lose your temper in combat. [potion of mutation]
  8566 | D:7      | Lost mutation: You are frail. (-10% HP) [mutagenic meat]
  8567 | D:7      | Gained mutation: You are occasionally teleported next to monsters. [mutagenic meat]
  8568 | D:7      | Gained mutation: You have a pair of large horns on your head. [mutagenic meat]
  8569 | D:7      | Gained mutation: Your magical capacity is low. (-10% MP) [mutagenic meat]
  8943 | D:8      | Noticed Joseph
  9030 | D:8      | Killed Joseph
  9030 | D:8      | Reached skill level 8 in Armour
  9293 | D:8      | Found a staircase to the Lair.
  9832 | D:9      | Noticed a hill giant
  9835 | D:9      | Reached XP level 10. HP: 76/76 MP: 14/14
  9847 | D:9      | Killed a hill giant
  9847 | D:9      | HP: 3/76 [wight/spear (1)]
 10039 | D:9      | Found a staircase to the Orcish Mines.
 10133 | D:9      | Reached ***** piety under Lugonu
 10133 | D:9      | Reached skill level 9 in Armour
 10137 | D:9      | Slain by a troll

Skill      XL: |  1  2  3  4  5  6  7  8  9 10 |
---------------+-------------------------------+-----
Dodging        | 1 |  1.6
Axes           | 2 3 4 5 6 7 |  7.6
Armour         | 2 3 4 5 6 8 9 |  9.0
Invocations    | 3 4 5 6 8 |  8.5
Fighting       | 4 5 6 |  6.0
Shields        | 1 2 |  2.2

Action                   |  1- 3 |  4- 6 |  7- 9 | 10-12 || total
-------------------------+-------+-------+-------+-------++-------
Melee: Hand axe          |   161 |   346 |   574 |       ||  1081
       Headbutt          |       |    48 |   102 |    11 ||   161
       Kick              |       |       |    38 |    13 ||    51
       War axe           |       |       |    29 |    59 ||    88
Invok: Depart the Abyss  |     1 |       |       |       ||     1
       Banish            |       |       |     6 |     1 ||     7
  Use: Potion            |       |     5 |    17 |     1 ||    23
       Scroll            |       |     9 |     3 |     3 ||    15
  Eat: Chunk             |     3 |     7 |    17 |       ||    27
       Bread ration      |       |     1 |     1 |       ||     2
       Beef jerky        |       |       |     1 |       ||     1
Armor: Plate armour      |   140 |   253 |   375 |    85 ||   853
Dodge: Dodged            |    31 |   100 |   183 |    42 ||   356
Block: Buckler           |       |     7 |    89 |    19 ||   115
